 Dungeon Crawl Stone Soup version 0.21.1-1-g345015f (webtiles) character file.

141 spiff the Insei (level 5, 0/35 HPs)
             Began as an Octopode Transmuter on June 30, 2018.
             Slain by a leopard gecko (5 damage)
             ... on level 4 of the Dungeon.
             The game lasted 00:07:06 (3691 turns).

spiff the Insei (Octopode Transmuter)               Turns: 3691, Time: 00:07:07

Health: 0/35       AC: -3    Str: 10    XL:     5   Next: 24%
Magic:  8/8        EV: 13    Int: 16    God:
Gold:   95         SH:  0    Dex: 12    Spells: 2/8 levels left

rFire    . . .     SeeInvis .     - Unarmed
rCold    . . .     Gourm    .   (no shield)
rNeg     . . .     Faith    .   (helmet restricted)
rPois    .         Spirit   .   (no amulet)
rElec    .         Reflect  .   (no ring)
rCorr    .         Harm     .   (no ring)
MR       .....                  (no ring)
Stlth    ++........             (no ring)
HPRegen  0.11/turn              (no ring)
MPRegen  0.11/turn              (no ring)
                                (no ring)
                                (no ring)

@: corroded
A: almost no armour, stealthy swim, amphibious, 8 rings, constrict 8, camouflage
1, gelatinous body 1
a: no special abilities


You were on level 4 of the Dungeon.
You were not hungry.

You visited 1 branch of the dungeon, and saw 4 of its levels.

You collected 95 gold pieces.

Inventory:

Missiles
 a - 3 arrows
Scrolls
 g - a scroll of remove curse
 j - a scroll of enchant weapon
 k - a scroll of fear
Potions
 d - a potion of magic
 e - a potion of degeneration
 h - a potion of flight {unknown}
 i - 3 potions of might
 l - a potion of ambrosia {unknown}
 o - a potion of cancellation {unknown}
 p - a potion of lignification {unknown}
 r - a potion of berserk rage {unknown}
Books
 b - a book of Changes

   Spells                             Type                      Level
   a - Beastly Appendage              Transmutation                1
   b - Sticks to Snakes               Transmutation                2
   c - Spider Form                    Transmutation/Poison         3
   d - Ice Form                       Ice/Transmutation            4
   e - Blade Hands                    Transmutation                5
Comestibles
 c - 6 rations


   Skills:
 + Level 2.7 Fighting
 - Level 2.0 Dodging
 + Level 4.0 Unarmed Combat
 - Level 2.0 Spellcasting
 + Level 3.4 Transmutations
 + Level 0.6 Poison Magic


You had 2 spell levels left.
You knew the following spells:

 Your Spells              Type           Power        Failure   Level  Hunger
a - Beastly Appendage     Tmut           ##....       4%          1    #......
b - Sticks to Snakes      Tmut           ##......     8%          2    ###....
c - Spider Form           Tmut/Pois      #.........   26%         3    ###....


Dungeon Overview and Level Annotations

Branches:
Dungeon (4/15)
 Temple: D:4-7

Altars:
Ashenzari
Elyvilon
Qazlal
Sif Muna
Vehumet
Xom
Zin
The Shining One


Innate Abilities, Weirdness & Mutations

You cannot wear most types of armour.
You are very stealthy in the water. (Stealth+)
You are amphibious.
You can wear up to eight rings at the same time.
You can use your tentacles to constrict eight enemies at once.
Your skin changes colour to match your surroundings (Stealth+).
Your rubbery body absorbs attacks. (AC +1, EV +1)


Message History

You aren't carrying any armour which can be enchanted further.
As you read the scroll labeled HIOTRE OSKI, it crumbles to dust.
You feel aware of your surroundings.
You sensed 1 altar.
It was a scroll of magic mapping.
A leopard gecko comes into view.
A jelly comes into view.
The helpless jelly fails to defend itself.
You tentacle-slap the jelly.
Your tentacles burn!
The jelly is lightly wounded.
The leopard gecko hisses angrily.
You tentacle-slap the jelly.
Your tentacles burn!
The jelly is moderately wounded.
The jelly hits you. The acid corrodes you!
You are splashed with acid!
The acid burns!
You tentacle-slap the jelly.
Your tentacles burn!
The jelly is severely wounded.
The jelly hits you.
You are splashed with acid!
The acid burns!
* * * LOW HITPOINT WARNING * * *
The leopard gecko bites you.
You die...

****************************,****
,,,,,,,,,,,,,,,,,,,,,,,,,,,,,>,,,
,,,,,****#*####*****##,,****,****
,,,,,*,,,..,...,,,,,.#,,****,*
****,,,,,,..,..#***#.#,,,,,,,*
,,,****,***#.,..,,.#.#*,#***,*
**,****,* #..#.##.#.#*.# ***
*,**,,*,* #....lJ.#.##.#####
,**,*,*,* #.##.@###.#......#
*,,**,,,* #........#.#.#.#.###**
********* ####..###.......$..,,,
**** #...*##.#.#.#.#,*** +,,*
#.#.*#.........,* **,*
******#.*.###.#.#.#[#.# ,,,*
*,,,,*#.*..#..........#
*********,,,,*#.*#.##.#<#.#.#.#**
,,,,,,,,+,,,,+,,*#.........!..#,,


You could see a jelly and a leopard gecko.

Vanquished Creatures
  An orc priest (D:3)
  5 adders
  A worm (D:2)
  4 leopard geckos (D:3)
  5 orcs
  A ball python (D:3)
  5 bats
  3 giant cockroaches (D:2)
  13 goblins
  3 hobgoblins
  2 jackals (D:2)
  7 frilled lizards
  7 kobolds
  5 rats
62 creatures vanquished.

Vanquished Creatures (collateral kills)
  A bat (D:3)
1 creature vanquished.

Grand Total: 63 creatures vanquished

Notes
Turn   | Place    | Note
-------+----------+-------------------------------------------
     0 | D:1      | spiff the Octopode Transmuter began the quest for the Orb.
     0 | D:1      | Reached XP level 1. HP: 13/13 MP: 3/3
   128 | D:1      | Reached XP level 2. HP: 18/18 MP: 3/5
   797 | D:1      | Learned a level 2 spell: Sticks to Snakes
  1182 | D:2      | Found a shimmering altar of Xom.
  1233 | D:2      | Found a deep blue altar of Sif Muna.
  1250 | D:2      | Found a shattered altar of Ashenzari.
  1270 | D:2      | Reached XP level 3. HP: 24/24 MP: 6/6
  1284 | D:2      | Found a glowing silver altar of Zin.
  1385 | D:2      | Found a radiant altar of Vehumet.
  1702 | D:2      | Found a white marble altar of Elyvilon.
  2336 | D:2      | Found a stormy altar of Qazlal.
  2457 | D:3      | Reached XP level 4. HP: 29/29 MP: 5/7
  2511 | D:3      | Found a glowing golden altar of the Shining One.
  3086 | D:3      | Reached skill level 4 in Unarmed Combat
  3089 | D:3      | Reached XP level 5. HP: 31/35 MP: 8/8
  3105 | D:3      | Learned a level 3 spell: Spider Form
  3642 | D:4      | Noticed an ogre
  3691 | D:4      | Slain by a leopard gecko

Skill      XL: |  1  2  3  4 |
---------------+-------------+-----
Fighting       | 2 |  2.7
Transmutations | 3 |  3.4
Unarmed Combat | 4 |  4.0
Dodging        | |  2.0
Spellcasting   | |  2.0
Poison Magic   | |  0.6

Action                   |  1- 3 |  4- 6 || total
-------------------------+-------+-------++-------
Melee: Unarmed           |    83 |    56 ||   139
       Constrict         |    19 |    13 ||    32
       Tentacles         |    11 |    11 ||    22
       Kick              |     8 |     8 ||    16
       Punch             |     2 |     1 ||     3
 Cast: Beastly Appendage |    14 |     8 ||    22
       Sticks to Snakes  |     4 |     6 ||    10
  Use: Scroll            |       |     8 ||     8
 Stab: Sleeping          |     9 |     4 ||    13
  Eat: Chunk             |     4 |     2 ||     6
       Ration            |       |     1 ||     1
Armor: Skin              |     6 |     3 ||     9
Dodge: Dodged            |    41 |    35 ||    76
